 Dungeon Crawl Stone Soup version 0.27.1-4-g1640c2035a (webtiles) character file.

Game seed: 7765275723355144499

253 ABBCCCDDDD the Sneak (level 6, 0/48 HPs)
             Began as a Human Delver on Nov 1, 2021.
             Slain by Duvessa (4 damage)
             ... on level 3 of the Dungeon.
             The game lasted 00:04:42 (4946 turns).

ABBCCCDDDD the Sneak (Human Delver)                 Turns: 4946, Time: 00:04:43

Health: 0/48       AC:  6    Str: 14    XL:     6   Next: 37%
Magic:  6/6        EV: 11    Int: 11    God:
Gold:   145        SH:  0    Dex: 14    Spells: 5/5 levels left

rFire    . . .     SeeInvis .   f - +0 dagger (venom)
rCold    . . .     Faith    .   (no shield)
rNeg     . . .     Spirit   .   q - +0 ring mail
rPois    .         Reflect  .   h - +0 helmet
rElec    .         Harm     .   (no cloak)
rCorr    .         Rampage  .   (no gloves)
Will     .....                  (no boots)
Stlth    ++........             (no amulet)
HPRegen  0.16/turn              (no ring)
MPRegen  0.10/turn              (no ring)

@: no status effects
A: no striking features
a: no special abilities


You were on level 3 of the Dungeon.
You visited 1 branch of the dungeon, and saw 5 of its levels.

You collected 145 gold pieces.

Inventory:

Hand Weapons
 a - a +0 falchion
 f - a +0 dagger of venom (weapon)
Missiles
 n - a throwing net (quivered)
Armour
 b - a +0 leather armour
 h - a +0 helmet (worn)
 q - a +0 ring mail (worn)
 r - a +0 chain mail
Wands
 g - a wand of digging (3)
Scrolls
 c - 2 scrolls of fog
 d - a scroll of magic mapping
 e - a scroll of enchant weapon {unknown}
 i - a scroll of holy word {unknown}
 j - a scroll of blinking {unknown}
 k - a scroll of enchant armour {unknown}
 m - 2 scrolls of identify {unknown}
Potions
 l - a potion of degeneration {unknown}
 o - a potion of magic {unknown}
 p - 2 potions of haste


   Skills:
 + Level 3.9 Fighting
 * Level 4.2 Long Blades
 + Level 2.3 Armour
 + Level 3.3 Dodging
 - Level 5.0 Stealth


You had 5 spell levels left.
You didn't know any spells.
Your spell library contained the following spells:

 Spells                   Type           Power      Damage    Failure   Level
 Foxfire                  Conj/Fire      0%         2x1d4     56%         1
 Conjure Flame            Conj/Fire      0%         6-21      91%         3
 Gell's Gravitas          Tloc           0%         N/A       91%         3
 Inner Flame              Hex/Fire       0%         N/A       91%         3
 Lesser Beckoning         Tloc           0%         N/A       91%         3
 Teleport Other           Tloc           0%         N/A       91%         3


Dungeon Overview and Level Annotations

Branches:
Dungeon (5/15)
 Temple: D:4-7

Altars:
Nemelex Xobeh
Uskayaw

Annotations:
D:3 Dowan, Duvessa


Message History

The stone hits you. Duvessa closely misses you.
You hit Duvessa.
Duvessa looks as sick as possible!
Duvessa is moderately wounded.
Dowan hits you with a +0 dagger.
Duvessa hits you with a +0 short sword of holy wrath.
You completely miss Duvessa.
Duvessa is moderately wounded.
Dowan hits you with a +0 dagger. Duvessa hits you but does no damage.
The hobgoblin shouts!
You hit the kobold but do no damage.
The kobold is poisoned.
The kobold barely misses you. Dowan gestures at you while chanting.
The puff of frost hits you.
You kill the kobold!
Duvessa hits you with a +0 short sword of holy wrath.
Dowan hits you with a +0 dagger.
You climb upwards.
There is a stone staircase leading down, spattered with blood here.
You hit Duvessa but do no damage.
Duvessa looks as sick as possible!
Duvessa is severely wounded.
Duvessa hits you with a +0 short sword of holy wrath.
* * * LOW HITPOINT WARNING * * *
Dowan closely misses you.
You hit Duvessa but do no damage.
Duvessa looks as sick as possible!
Duvessa is severely wounded.
Duvessa barely misses you.
You hit Duvessa but do no damage.
Duvessa looks as sick as possible!
Duvessa is almost dead.
Dowan gestures wildly while chanting.
Dowan blinks!
Duvessa hits you with a +0 short sword of holy wrath.
* * * LOW HITPOINT WARNING * * *
You barely miss Duvessa.
Duvessa is almost dead.
Duvessa hits you with a +0 short sword of holy wrath!
* * * LOW HITPOINT WARNING * * *
You barely miss Duvessa.
Duvessa is almost dead.
Duvessa hits you with a +0 short sword of holy wrath.
You die...

##### #...# ######### #.#.###
#.......# #.#.#.. #.......#
########.#.#.#
#######.......######.....)..#.#..
...........e...ยง@e.......####.##.
#######.......######.....# #....
#.......# ###.### ##### #.......#
#.## #.... ######### #..# #.###
##.# #.#.. #.# #.#.# ##### #.##
#.#.. ##...# ##..# #.##.


You could see Duvessa (extremely poisoned) and Dowan.

Levels and vault maps discovered:
D:1:      amcnicky_arrival_abandoned_market, layout_loops_ring,
          ebering_ecumenical_altar_ruins, minivault_23,
          chequers_serial_rivers_micro_c
D:2:      layout_basic, basic_altar
D:3:      layout_rooms, patterned_corridor
D:4:      layout_basic, lemuel_doored_altar, nzn_random_ring, uniq_robin,
          uniq_duvessa, uniq_edmund
D:5:      layout_cave_pods, mainiacjoe_overflow_catwalk_spiral,
          minmay_temple_entry_mist

Notes
Turn   | Place    | Note
-------+----------+-------------------------------------------
     0 | D:5      | ABBCCCDDDD the Human Delver began the quest for the Orb.
     0 | D:5      | Reached XP level 1. HP: 18/18 MP: 1/1
    24 | D:5      | Noticed a sky beast
    45 | D:4      | Found a hide-covered altar of Uskayaw.
    53 | D:4      | Noticed a scorpion
   256 | D:2      | Found a sparkling altar of Nemelex Xobeh.
   480 | D:2      | Reached XP level 2. HP: 24/24 MP: 2/2
   729 | D:1      | Reached XP level 3. HP: 28/29 MP: 3/3
  1194 | D:1      | Reached skill level 1 in Armour
  1283 | D:1      | Found a faded altar of an unknown god.
  1511 | D:1      | Reached XP level 4. HP: 14/35 MP: 4/4
  2549 | D:2      | Reached XP level 5. HP: 24/41 MP: 5/5
  3643 | D:4      | Noticed Duvessa
  3643 | D:4      | Noticed a phantom
  3870 | D:4      | Noticed Dowan
  4199 | D:3      | Killed a phantom
  4200 | D:3      | Reached XP level 6. HP: 12/48 MP: 6/6
  4946 | D:3      | Slain by Duvessa

Table legend: (Time is in decaauts)
 A = Elapsed time spent in this place.
 B = Non-inter-level travel time spent in this place.
 C = Inter-level travel time spent in this place.
 D = Time resting spent in this place.
 E = Time spent auto-exploring this place.
 F = Levels seen in this place.
 G = Mean time per level.
                   A        B        C        D        E       F      G
               +--------+--------+--------+--------+--------+-----+--------+
         Total |   4957 |   4811 |    146 |   1915 |   2130 |   5 |  991.4 |
       Dungeon |   4957 |   4811 |    146 |   1915 |   2130 |   5 |  991.4 |
               +--------+--------+--------+--------+--------+-----+--------+

Top non-repeatable levels by time:
     D:3: 1982 daAuts
     D:1: 1459 daAuts
     D:2: 1408 daAuts
     D:4: 77 daAuts
     D:5: 30 daAuts

Table legend:
 A = Kills in this place as a percentage of kills in entire the game.
 B = Kills by you in this place as a percentage of kills by you in the entire game.
 C = Kills by friends in this place as a percentage of kills by friends in the entire game.
 D = Other kills in this place as a percentage of other kills in the entire game.
 E = Experience gained in this place as a percentage of experience gained in the entire game.
 F = Experience gained in this place divided by the number of levels of this place that you have seen.
                   A       B       C       D       E      F
               +-------+-------+-------+-------+-------+----------------------
         Total | 100.0 | 100.0 |   N/A |   N/A | 100.0 |  72.4
       Dungeon | 100.0 | 100.0 |   N/A |   N/A | 100.0 |  72.4
               +-------+-------+-------+-------+-------+----------------------

Action                   |  1- 3 |  4- 6 || total
-------------------------+-------+-------++-------
Melee: Falchion          |   114 |    85 ||   199
       Dagger            |       |    87 ||    87
  Use: Potion            |     4 |       ||     4
       Scroll            |     1 |       ||     1
 Stab: Sleeping          |    12 |     2 ||    14
Armor: Leather armour    |    39 |    25 ||    64
       Ring mail         |       |    43 ||    43
Dodge: Dodged            |    75 |   145 ||   220
       Rpst.: Falchion   |    21 |    30 ||    51

Vanquished Creatures
  A phantom (D:3)
  An orc wizard (D:3)
  4 gnolls (D:2)
  3 adders
  A dart slug (D:4)
  3 orcs (D:3)
  9 ball pythons
  6 endoplasms
  A giant cockroach (D:2)
  9 goblins
  7 hobgoblins
  7 jackals
  5 kobolds
  4 quokkas
  5 bats
  5 frilled lizards (D:1)
  3 rats
74 creatures vanquished.
